 Dungeon Sprint DCSS version 0.31-a0-18-gea43df2a32 (webtiles) character file.

Game seed: 8751492328880538608

0 sircluck the Cudgeller (level 1, -6/19 HPs)
             Began as a Minotaur Berserker on May 9, 2023.
             Was a Follower of Trog.
             Mangled by a scorpion (7 damage)
             ... in the Dungeon (Sprint II: "The Violet Keep of Menkaure").
             The game lasted 00:00:04 (7 turns).

sircluck the Cudgeller (Minotaur Berserker)            Turns: 7, Time: 00:00:05

Health: -6/19      AC:  2    Str: 21    XL:     1   Next: 0%
Magic:  0/0        EV: 12    Int:  4    God:    Trog [*.....]
Gold:   0          SH:  0    Dex:  9    Spells: 0/0 levels left

rFire   . . .        a - +0 mace
rCold   . . .        (no shield)
rNeg    . . .        b - +0 animal skin
rPois   .            (helmet restricted)
rElec   .            (no cloak)
rCorr   .            (no gloves)
SInv    .            (no boots)
Will    .....        (no amulet)
Stlth   +            (no ring)
HPRegen 0.23/turn    (no ring)
MPRegen 0.07/turn

%: no teleportation
@: lethally poisoned (-6 -> -9)
A: horns 2, retaliatory headbutt
a: Renounce Religion, Berserk


You were in the Dungeon.
You worshipped Trog.
Trog was aware of your devotion.
You visited 1 branch

Inventory:

Hand Weapons
 a - a +0 mace (weapon)
Armour
 b - a +0 animal skin (worn)
Scrolls
 h - a scroll of blinking
Potions
 c - a potion of curing
 d - a potion of heal wounds
 e - a potion of haste
 f - 2 potions of magic
 g - a potion of berserk rage


   Skills:
 + Level 3.6 Fighting
 + Level 3.6 Maces & Flails
 + Level 2.4 Armour
 + Level 2.1 Dodging


You couldn't memorise any spells.
You didn't know any spells.
Your spell library was empty.

Dungeon Overview and Level Annotations

Branches:
Dungeon (1/1)

Altars:


Innate Abilities, Weirdness & Mutations

You have a pair of horns on your head.
You reflexively headbutt those who attack you in melee.


Message History

Welcome, sircluck the Minotaur Berserker.
Trog says: Kill them all!
Press ? for a list of commands and other information.
Found a staircase leading out of the dungeon.
No target in view!
As you open the door, it creaks loudly! 4 scorpions come into view.
The scorpion closely misses you. The scorpion stings you.
There is an open door here.
You hit the scorpion but do no damage. The scorpion stings you. x2
You are too injured to fight recklessly!
You are too injured to fight recklessly!
You are too injured to fight recklessly!
You are too injured to fight recklessly!
The scorpion attacks as you move away! The scorpion closely misses you.
The scorpion misses you.
You fail to use your ability.
The scorpion stings you.
You are lethally poisoned!
The scorpion poisons you!
You thump the scorpion!
The scorpion is heavily wounded.
* * * LOW HITPOINT WARNING * * *
You feel sick. The scorpion stings you.
* * * LOW HITPOINT WARNING * * *
You closely miss the scorpion.
The scorpion is heavily wounded.
* * * LOW HITPOINT WARNING * * *
You feel sick. The scorpion barely misses you. You furiously retaliate!
You headbutt the scorpion!
You kill the scorpion!
Trog accepts your kill. The scorpion stings you!
You die...

###
###
#..
..#
#s#s#
#s#
##@##
+.<.+
##.##
#+#


You could see 3 scorpions.

Vanquished Creatures
  A scorpion (D)
1 creature vanquished.

Notes
Turn   | Place    | Note
-------+----------+-------------------------------------------
     0 | D        | sircluck the Minotaur Berserker began the quest for the
                  | Orb.
     0 | D        | Reached XP level 1. HP: 19/19 MP: 0/0
     1 | D        | Noticed a scorpion
     1 | D        | Noticed a scorpion
     1 | D        | Noticed a scorpion
     1 | D        | Noticed a scorpion
     7 | D        | Killed a scorpion
     7 | D        | Mangled by a scorpion

Illustrated notes

Levels and vault maps discovered:
D:        the_violet_keep_of_menkaure [sprint2_stairs_cluster_1,
          sprint2_shoproom, sprint2_temple, sprint2_basic_supplies,
          sprint2_obstacle_1, sprint2_obstacle_5, sprint2_obstacle_4,
          sprint2_obstacle_2, sprint2_obstacle_3, sprint2_timed_cluster_1,
          sprint2_smallroom_cluster_1, sprint2_smallroom_final_cluster_1,
          sprint2_transparent_cluster_1, sprint2_second_timed_cluster_1,
          sprint2_sniper_area_1, sprint2_heavy_combat_area_1,
          sprint2_mutation_trap_area_1, sprint2_forest_area_1,
          sprint2_light_combat_area_1, sprint2_behind_water_1,
          sprint2_near_end_vault_1]

Action                     || total
---------------------------++-------
  Melee: Mace              ||     3
  Dodge: Dodged            ||     4

Table legend: (Time is in decaauts)
 A = Elapsed time spent in this place.
 B = Non-inter-level travel time spent in this place.
 C = Inter-level travel time spent in this place.
 D = Time resting spent in this place.
 E = Time spent auto-exploring this place.
 F = Levels seen in this place.
 G = Mean time per level.
                   A        B        C        D        E       F      G
               +--------+--------+--------+--------+--------+-----+--------+
         Total |      7 |      7 |      0 |      0 |      1 |   1 |    7.0 |
       Dungeon |      7 |      7 |      0 |      0 |      1 |   1 |    7.0 |
               +--------+--------+--------+--------+--------+-----+--------+

Top non-repeatable levels by time:
       D: 7 daAuts
